AoeStats
← Ndrangheta

Oasis

509198217Analyzed
3v3 RM · 7d ago on Sep 25, 2026· 26m 10s· 6 players
Game mode
Random Map
Map size
Normal (6 player)
Population
200
Speed
Normal
Resources
Standard
Victory
Conquest
Starting age
Dark Age
Ending age
Imperial Age
RankedLock teamsTeams togetherTeam positionsShared explorationLock speedFull tech treeHidden civsTurbo modeCheats
Victory
Defeat
🇩🇪 Saracens · Germany
1284
+19
🇸🇪 Poles · Sweden
1257
+20
🇩🇪 Khmer · Germany
1181
+23
🇦🇷 Danes · Argentina
1402
-23
🇦🇷 Khmer · Argentina
1375
-22
🇦🇷 Persians · Argentina
1261
-17
Kung Führer
4:36 Loom
11:04 Feudal Age
12:05 Double-Bit Axe
12:03 Horse Collar
17:07 Castle Age
18:14 Bow Saw
Ndrangheta
6:19 Loom
8:51 Feudal Age
9:46 Double-Bit Axe
18:14 Bloodlines
21:15 Forging
24:25 Castle Age
23:44 Horse Collar
24:24 Scale Barding Armor
24:51 Fletching
24:43 Crossbowman
24:50 Light Cavalry
25:30 Husbandry
Caña con ruda
6:43 Loom
9:05 Feudal Age
11:59 Double-Bit Axe
12:31 Horse Collar
21:21 Castle Age
20:57 Gold Mining
21:13 Stone Mining
Jesus_was_black
0:30 Loom
10:59 Feudal Age
15:19 Forging
18:06 Scale Barding Armor
18:06 Horse Collar
21:10 Double-Bit Axe
26:26 Castle Age
NotADuck
6:36 Loom
9:07 Feudal Age
9:43 Double-Bit Axe
12:22 Wheelbarrow
18:55 Forging
19:44 Bloodlines
22:23 Castle Age
20:59 Gold Mining
26:18 Husbandry
Szorinx
6:48 Loom
10:15 Feudal Age
10:55 Double-Bit Axe
12:52 Fletching
17:22 Horse Collar
25:12 Castle Age
23:28 Padded Archer Armor
25:34 Crossbowman
26:19 Thumb Ring
26:14 Bodkin Arrow
26:34 Leather Archer Armor
Connection lost

Rejoining the realm…

Still unreachable

The connection could not be restored.

Session expired

The server has moved on; the page needs a fresh start.